 Dungeon Crawl Stone Soup version 0.31.0-32-g396128a36d (webtiles) character file.

Game seed: 17753407019079482214

333 ChadusMaximus the Summoner (level 6, -9/41 HPs)
             Began as a Barachi Summoner on Mar 29, 2024.
             Mangled by an ogre
             ... wielding a +0 giant club
              (18 damage)
             ... on level 4 of the Dungeon.
             The game lasted 00:04:35 (3466 turns).

ChadusMaximus the Summoner (Barachi Summoner)       Turns: 3466, Time: 00:04:36

Health: -9/41      AC:  5    Str:  9    XL:     6   Next: 52%
Magic:  7/12       EV: 12    Int: 16    God:
Gold:   223        SH:  0    Dex: 12    Spells: 7/13 levels left

rFire   + . .        s - +2 sling (heavy)
rCold   . . .        (no shield)
rNeg    . . .        d - +2 robe {rF+}
rPois   +            n - +0 helmet
rElec   .            (no cloak)
rCorr   .            (no gloves)
SInv    .            (no boots)
Will    .....        (no amulet)
Stlth   ++           (no ring)
HPRegen 0.26/turn    (no ring)
MPRegen 0.13/turn

%: clarity
@: unable to hop, inugami summoned, slow
A: amphibious, slowness 1, strong legs 1, +LOS, hooves 1, clarity, dopey 1,
poison resistance, teleportitis 1
a: Hop


You were on level 4 of the Dungeon.
You visited 1 branch of the dungeon, and saw 4 of its levels.

You collected 223 gold pieces.

Inventory:

Hand Weapons
 e - a +0 club
 r - a +0 club
 s - a +2 heavy sling (weapon)
Missiles
 v - 2 throwing nets
Armour
 a - a +0 robe
 d - a +2 robe of fire resistance (worn)
 n - a +0 helmet (worn)
Wands
 t - a wand of flame (19)
Scrolls
 f - a scroll of brand weapon {unknown}
 g - a scroll of fog {unknown}
 j - 2 scrolls of identify {unknown}
 k - 2 scrolls of teleportation {unknown}
 l - a scroll of summoning {unknown}
 m - 2 scrolls of noise {unknown}
 p - a scroll of vulnerability {unknown}
Potions
 b - a potion of magic
 c - a potion of resistance {unknown}
 h - 3 potions of lignification {unknown}
 i - 2 potions of curing
 o - a potion of heal wounds {unknown}
 q - a potion of haste {unknown}
 u - 2 potions of might {unknown}


   Skills:
 - Level 2.1 Dodging
 - Level 1.7 Stealth
 + Level 4.2 Spellcasting
 * Level 8.0 Summonings


You had 7 spell levels left.
You knew the following spells:

 Your Spells              Type           Power      Damage    Failure   Level
a - Summon Small Mammal   Summ           100%       N/A       1%          1
b - Call Canine Familiar  Summ           29%        N/A       1%          3
c - Call Imp              Summ           58%        N/A       1%          2

Your spell library contained the following spells:

 Spells                   Type           Power      Damage    Failure   Level
 Summon Blazeheart Golem  Fire/Summ      16%        N/A       32%         4
 Summon Lightning Spire   Summ/Air       16%        N/A       32%         4
 Gell's Gravitas          Tloc           3%         N/A       45%         3
 Sigil of Binding         Hex            3%         N/A       45%         3
 Teleport Other           Tloc           3%         N/A       45%         3
 Dimensional Bullseye     Hex/Tloc       1%         N/A       86%         4
 Dispersal                Tloc           1%         N/A       100%        6


Dungeon Overview and Level Annotations

Branches:
Dungeon (4/15)
 Temple: D:4-7

Altars:


Innate Abilities, Weirdness & Mutations

You are amphibious.
You cover ground slowly.
You can hop short distances.
You have an extended range of vision and can be seen from far away.
You have large cloven feet.
You possess an exceptional clarity of mind.
You are dopey. (Int -2)
Your system is resistant to poisons. (rPois)
You are occasionally teleported next to monsters.


Message History

The ogre is lightly wounded.
An ogre is nearby!
You shoot a sling bullet. The sling bullet hits the ogre.
The ogre is moderately wounded.
The ogre completely misses you.
A howler monkey opens the door.
The ogre hits you with a +0 giant club!!
Ouch! That really hurt!
There are monsters nearby!
You are too injured to fight recklessly!
There are monsters nearby!
You are too injured to fight recklessly!
Unknown command.
Casting: Call Canine Familiar (safe; 1% risk of failure)
Confirm with . or Enter, or press ? or * to list all spells.
You don't know that spell.
Hop to where?
Press: ? - help, Dir - move target, p - ogre Boing!
Casting: Call Canine Familiar (safe; 1% risk of failure)
Confirm with . or Enter, or press ? or * to list all spells.
You call for your canine familiar and it appears with a howl!
Fire: s) +2 sling (heavy)
Press: ? - help, Shift-Dir - straight line You shoot a sling bullet.
The howler monkey closely misses you. The ogre closely misses you.
The howler monkey hits you. The howler monkey barely misses you.
The ogre misses you.
Your inugami hits the howler monkey.
You swap places.
The howler monkey barely misses you.
Your inugami closely misses the howler monkey.
Casting: Call Canine Familiar (safe; 1% risk of failure)
Confirm with . or Enter, or press ? or * to list all spells.
A tiny devil pulls itself out of the air.
The howler monkey barely misses you. The ogre hits you with a +0 giant club.
* * * LOW HITPOINT WARNING * * *
Your inugami hits the howler monkey. The howler monkey hits you.
* * * LOW HITPOINT WARNING * * *
Your inugami misses the howler monkey. The ogre attacks as it pursues you!
The ogre hits you with a +0 giant club!!
You die...

######### #.......
..... .... ##'#
########
####h.##.##.#......#
#..hO@......#......#
#...........#......#
#..5........#...)..#
#####+#######......###
.................
..................
..................
............))....
#...................


You could see an ogre (ally target), a howler monkey (ally target), a friendly
cerulean imp (summoned) and a friendly inugami (summoned).

Vanquished Creatures
  Ijyb (D:4)
  A gnoll (D:4)
  A ribbon worm (D:2)
  A ball python (D:1)
  5 endoplasms
  A giant cockroach (D:1)
  2 goblins
  7 hobgoblins
  6 jackals (D:4)
  2 kobolds
  2 bats
  3 frilled lizards
  2 rats
34 creatures vanquished.

Vanquished Creatures (collateral kills)
  A black bear (D:4)
  An orc priest (D:4)
  An orc wizard (D:3)
  Robin (D:4)
  2 gnolls (D:4)
  2 adders
  2 ribbon worms (D:2)
  4 orcs
  3 endoplasms
  5 giant cockroaches
  13 goblins
  9 hobgoblins
  A jackal (D:4)
  4 kobolds
  2 quokkas
  2 ball pythons
  3 bats
  A frilled lizard (D:1)
  3 rats
60 creatures vanquished.

Grand Total: 94 creatures vanquished

Notes
Turn   | Place    | Note
-------+----------+-------------------------------------------
     0 | D:1      | ChadusMaximus the Barachi Summoner began the quest for the
                  | Orb.
     0 | D:1      | Reached XP level 1. HP: 13/13 MP: 3/3
    75 | D:1      | Reached skill level 5 in Summonings
   164 | D:1      | Reached XP level 2. HP: 19/19 MP: 5/5
   631 | D:1      | Reached XP level 3. HP: 24/24 MP: 5/7
  1001 | D:1      | Learned a level 3 spell: Call Canine Familiar
  1004 | D:1      | Learned a level 2 spell: Call Imp
  1529 | D:2      | Reached skill level 6 in Summonings
  1667 | D:2      | Reached XP level 4. HP: 10/30 MP: 2/8
  1987 | D:3      | Gained mutation: You are frail. (-10% HP) [potion of
                  | mutation]
  1995 | D:3      | Lost mutation: You are frail. (-10% HP) [potion of
                  | mutation]
  1995 | D:3      | Gained mutation: You are occasionally teleported next to
                  | monsters. [potion of mutation]
  1995 | D:3      | Gained mutation: You are agile. (Dex +4, Str/Int -1)
                  | [potion of mutation]
  1995 | D:3      | Gained mutation: You occasionally shout uncontrollably at
                  | your foes. [potion of mutation]
  1995 | D:3      | Gained mutation: You possess an exceptional clarity of
                  | mind. [potion of mutation]
  2347 | D:3      | Found a faded altar of an unknown god.
  2530 | D:3      | Lost mutation: You are agile. (Dex +4, Str/Int -1) [potion
                  | of mutation]
  2530 | D:3      | Lost mutation: You occasionally shout uncontrollably at
                  | your foes. [potion of mutation]
  2530 | D:3      | Gained mutation: You have large cloven feet. [potion of
                  | mutation]
  2530 | D:3      | Gained mutation: Your system is resistant to poisons.
                  | (rPois) [potion of mutation]
  2530 | D:3      | Gained mutation: You are dopey. (Int -2) [potion of
                  | mutation]
  2718 | D:4      | Reached XP level 5. HP: 2/35 MP: 6/10
  2794 | D:4      | Noticed Robin
  2813 | D:4      | Reached skill level 7 in Summonings
  2943 | D:4      | Killed Robin
  3001 | D:4      | Noticed a black bear
  3009 | D:4      | Killed a black bear
  3010 | D:4      | Reached XP level 6. HP: 30/41 MP: 4/12
  3073 | D:4      | Noticed Ijyb
  3080 | D:4      | Killed Ijyb
  3200 | D:4      | Reached skill level 8 in Summonings
  3466 | D:4      | Mangled by an ogre

Illustrated notes

Levels and vault maps discovered:
D:1:      dpeg_arrival_boxes_within_box, layout_loops_ring
D:2:      layout_basic, nicolae_wormholes
D:3:      layout_rooms, shapermc_ecumenical_altar_starsandcircs
D:4:      layout_gridville, grunt_temple_overflow_forces_of_nature,
          cheibrodos_ashenzari_chains, serial_forest,
          infiniplex_forest_straight_5, infiniplex_forest_end_2,
          infiniplex_forest_straight_2, infiniplex_forest_clump_tiny,
          infiniplex_forest_clump_medium, infiniplex_forest_straight_2,
          grunt_ministairs_12, uniq_ijyb, uniq_robin

Skill      XL: |  1  2  3  4  5  6 |
---------------+-------------------+-----
Summonings     | 5 6 7 8 |  8.0
Spellcasting   | 3 4 |  4.2
Dodging        | |  2.1
Stealth        | |  1.7

Action                     |  1- 3 |  4- 6 || total
---------------------------+-------+-------++-------
  Melee: Club              |   140 |    53 ||   193
         Punch             |     1 |       ||     1
         Kick              |       |     8 ||     8
   Fire: Sling             |       |    43 ||    43
   Cast: Summon Small Mamm |    16 |     6 ||    22
         Call Imp          |     7 |    17 ||    24
         Call Canine Famil |     2 |    10 ||    12
Ability: Hop               |       |     2 ||     2
    Use: Potion            |       |     4 ||     4
   Stab: Sleeping          |     4 |     1 ||     5
         Distracted        |       |     3 ||     3
 Armour: Robe              |    96 |   100 ||   196
  Dodge: Dodged            |   136 |   125 ||   261
